 Dungeon Crawl Stone Soup version 0.28.0-53-g5a82cb258f (webtiles) character file.

Game seed: 10509652375321249902

463 Ashen the Magician (level 6, -2/46 HPs)
             Began as a Mummy Fire Elementalist on July 9, 2022.
             Was an Initiate of Ashenzari.
             Killed by divine providence
             ... invoked by an orc priest
              (10 damage)
             ... on level 4 of the Dungeon.
             The game lasted 00:07:22 (3853 turns).

Ashen the Magician (Mummy Fire Elementalist)        Turns: 3853, Time: 00:07:22

Health: -2/46      AC:  3    Str: 11    XL:     6   Next: 79%
Magic:  7/12       EV: 10    Int: 17    God:    Ashenzari [......]
Gold:   81         SH:  7    Dex: 12    Spells: 4/13 levels left

rFire   x . .      SeeInvis .   l - +3 trident (venom)
rCold   + . .      Faith    .   k - +0 kite shield
rNeg    + + +      Spirit   .   a - +0 robe
rPois   ∞          Reflect  .   h - +0 helmet
rElec   .          Harm     .   (no cloak)
rCorr   .          Rampage  .   (no gloves)
Will    .....                   (no boots)
Stlth   ++........              (no amulet)
HPRegen 0.15/turn               (no ring)
MPRegen 0.13/turn               (no ring)

@: very slightly contaminated
A: cold resistance 1, negative energy resistance 3, torment resistance 2, heat
vulnerability 1, no potions
a: Renounce Religion


You were on level 4 of the Dungeon.
You worshipped Ashenzari.
Ashenzari was noncommittal.
You visited 1 branch of the dungeon, and saw 4 of its levels.

You collected 81 gold pieces.

Inventory:

Hand Weapons
 l - a +3 trident of venom (weapon)
Armour
 a - a +0 robe (worn)
 h - a +0 helmet (worn)
 k - a +0 kite shield (worn)
Jewellery
 b - a ring of ice
Wands
 g - a wand of digging (8)
Scrolls
 c - a scroll of amnesia {unknown}
 d - a scroll of teleportation {unknown}
 e - a scroll of blinking {unknown}
 f - 2 scrolls of acquirement {unknown}
 i - a scroll of noise {unknown}
 j - a scroll of magic mapping {unknown}
 m - a scroll of holy word {unknown}


   Skills:
 + Level 2.4 Fighting
 + Level 1.2 Polearms
 + Level 2.6 Dodging
 + Level 2.7 Stealth
 + Level 1.2 Shields
 + Level 4.1 Spellcasting
 + Level 2.1 Conjurations
 + Level 3.3 Fire Magic


You had 4 spell levels left.
You knew the following spells:

 Your Spells              Type           Power      Damage    Failure   Level
a - Foxfire               Conj/Fire      48%        2x1d6     17%         1
b - Scorch                Fire           28%        2d6       21%         2
c - Conjure Flame         Conj/Fire      12%        6-21      45%         3
d - Inner Flame           Hex/Fire       9%         N/A       63%         3

Your spell library contained the following spells:

 Spells                   Type           Power      Damage    Failure   Level
 Flame Wave               Conj/Fire      12%        2d6       86%         4


Dungeon Overview and Level Annotations

Branches:
Dungeon (4/15)
 Temple: D:4-7

Altars:
Ashenzari
Cheibriados
Kikubaaqudgha


Innate Abilities, Weirdness & Mutations

You are immune to poison.
Your flesh is cold resistant. (rC+)
You are immune to negative energy. (rN+++)
You are immune to unholy pain and torment.
You are vulnerable to heat. (rF-)
You do not drink.


Message History

The orc is heavily wounded.
You block the adder's attack.
Your foxfire dissipates!
The adder bites you. The adder bites you.
* * * LOW HITPOINT WARNING * * *
Casting: Foxfire (safe; 17% risk of failure)
Confirm with . or Enter, or press ? or * to list all spells.
You miscast Foxfire.
You are very lightly contaminated with residual magic.
Nothing appears to happen.
The adder closely misses you.
Casting: Foxfire (safe; 17% risk of failure)
Confirm with . or Enter, or press ? or * to list all spells.
You miscast Foxfire.
Nothing appears to happen.
You block the adder's attack. The adder bites you.
* * * LOW HITPOINT WARNING * * *
Casting: Foxfire (safe; 17% risk of failure)
Confirm with . or Enter, or press ? or * to list all spells.
You miscast Foxfire.
Nothing appears to happen.
You block the adder's attack. The adder bites you.
* * * LOW HITPOINT WARNING * * *
Casting: Foxfire (safe; 17% risk of failure)
Confirm with . or Enter, or press ? or * to list all spells.
You conjure some foxfire!
The adder bites you but does no damage.
Casting: Foxfire (safe; 17% risk of failure)
Confirm with . or Enter, or press ? or * to list all spells.
You conjure some foxfire!
The foxfire hits the ogre.
The ogre is lightly wounded.
You block the adder's attack.
The orc priest looks encouraged for a moment.
Your foxfire dissipates!
The foxfire hits the ogre.
The ogre is lightly wounded.
The foxfire hits the ogre.
The ogre is lightly wounded.
The adder bites you but does no damage.
An endoplasm comes into view.
The orc priest mumbles some strange prayers to Beogh against you.
Beogh smites you!
You die...

#......#####.........
#.........#........#.
......#.......>.......#
.....##..oo##.#.......#
.....#....o##.#......#..
........#..#.....#.###..
........##.SO..####.#
............#..###....
............@........ #
.............##.##...
..............### J
#.............###
........).......#
#...........#......
#.......######.##.#
........##.......##
.#......).........#


You could see an ogre and an orc priest.

Vanquished Creatures
  2 ogres (D:4)
  A bullfrog (D:4)
  2 vampire bats (D:3)
  Terence (D:3)
  An iguana (D:3)
  4 adders
  A gnoll (D:1)
  A worm (D:3)
  2 dart slugs (D:2)
  An orc (D:3)
  3 ball pythons
  3 bat skeletons (D:3)
  3 bat zombies (D:3)
  5 endoplasms
  2 giant cockroaches (D:3)
  3 hobgoblins
  A quokka (D:2)
  6 bats
  2 frilled lizards
  7 goblins
  4 kobolds
  8 rats
63 creatures vanquished.

Vanquished Creatures (others)
  158 foxfires
158 creatures vanquished.

Grand Total: 221 creatures vanquished

Notes
Turn   | Place    | Note
-------+----------+-------------------------------------------
     0 | D:1      | Ashen the Mummy Fire Elementalist began the quest for the
                  | Orb.
     0 | D:1      | Reached XP level 1. HP: 13/13 MP: 4/4
   306 | D:1      | Reached XP level 2. HP: 20/20 MP: 2/5
   355 | D:1      | Reached skill level 1 in Conjurations
   645 | D:1      | Learned a level 2 spell: Scorch
   788 | D:1      | Reached skill level 3 in Spellcasting
   793 | D:1      | Reached XP level 3. HP: 25/25 MP: 0/7
  1449 | D:2      | Reached skill level 1 in Fighting
  1928 | D:2      | Found a faded altar of an unknown god.
  2159 | D:3      | Reached XP level 4. HP: 32/32 MP: 5/8
  2287 | D:3      | Found a snail-covered altar of Cheibriados.
  2721 | D:3      | Noticed Terence
  2854 | D:3      | Killed Terence
  3053 | D:3      | Found an ancient bone altar of Kikubaaqudgha.
  3073 | D:3      | Reached XP level 5. HP: 24/38 MP: 6/10
  3077 | D:3      | Learned a level 3 spell: Conjure Flame
  3081 | D:3      | Learned a level 3 spell: Inner Flame
  3254 | D:3      | Found a broken altar of Ashenzari.
  3258 | D:3      | Saw a vision of the Shoals and the Snake Pit.
  3258 | D:3      | Noticed a sea snake
  3258 | D:3      | Noticed a merfolk
  3258 | D:3      | Noticed a merfolk
  3258 | D:3      | Noticed a merfolk
  3258 | D:3      | Noticed a black mamba
  3258 | D:3      | Noticed an anaconda
  3258 | D:3      | Noticed a naga sharpshooter
  3258 | D:3      | Noticed a naga ritualist
  3258 | D:3      | Noticed a merfolk siren
  3259 | D:3      | Noticed a centaur
  3261 | D:3      | Noticed a shock serpent
  3262 | D:3      | Became a worshipper of Ashenzari the Shackled
  3316 | D:4      | Noticed an ogre
  3324 | D:4      | Killed an ogre
  3325 | D:4      | Reached XP level 6. HP: 44/44 MP: 6/11
  3344 | D:3      | Reached skill level 1 in Polearms
  3540 | D:4      | Reached skill level 1 in Shields
  3540 | D:4      | Reached skill level 4 in Spellcasting
  3853 | D:4      | Killed from afar by an orc priest

Illustrated notes

Levels and vault maps discovered:
D:1:      minmay_arrival_checkered_box, layout_rooms
D:2:      layout_rooms, shapermc_ecumenical_altar_mp_vishouse,
          chequers_serial_rivers_room_b, minmay_misc_feat_rows
D:3:      layout_rooms, slow_altar_1, grunt_ashenzari_visionary
          [grunt_ashenzari_visionary_shoals, grunt_ashenzari_visionary_snake],
          kennysheep_vampire_church, uniq_terence
D:4:      layout_cave_pools

Skill      XL: |  1  2  3  4  5  6 |
---------------+-------------------+-----
Conjurations   | 1 2 |  2.1
Spellcasting   | 3 4 |  4.1
Stealth        | 2 |  2.7
Dodging        | 2 |  2.6
Fighting       | 1 2 |  2.4
Fire Magic     | 3 |  3.3
Polearms       | 1 |  1.2
Shields        | 1 |  1.2

Action                   |  1- 3 |  4- 6 || total
-------------------------+-------+-------++-------
Melee: Unarmed           |    77 |    17 ||    94
       Trident           |       |    40 ||    40
       Punch             |       |     1 ||     1
 Cast: Foxfire           |    56 |    38 ||    94
 Stab: Sleeping          |     2 |     2 ||     4
Armor: Robe              |    12 |    63 ||    75
Dodge: Dodged            |    34 |    77 ||   111
Block: Kite shield       |       |    25 ||    25
